 Dungeon Crawl Stone Soup version 0.29-a0-113-g078de9bc30 (webtiles) character file.

Game seed: 6886449316017505593

35 gruber the Vexing (level 3, 15/28 HPs)
             Began as a Gnoll Arcane Marksman on Feb 18, 2022.
             Quit the game on level 2 of the Dungeon.
             The game lasted 00:02:38 (1904 turns).

gruber the Vexing (Gnoll Arcane Marksman)           Turns: 1904, Time: 00:02:39

Health: 15/28      AC:  2    Str:  9    XL:     3   Next: 35%
Magic:  7/7        EV: 13    Int: 14    God:
Gold:   55         SH:  0    Dex: 12    Spells: 6/7 levels left

rFire   . . .      SeeInvis .   f - +0 dagger
rCold   . . .      Faith    .   (no shield)
rNeg    . . .      Spirit   .   d - +0 robe
rPois   .          Reflect  .   (no helmet)
rElec   .          Harm     .   (no cloak)
rCorr   .          Rampage  .   (no gloves)
Will    .....                   (no boots)
Stlth   +.........              (no amulet)
HPRegen 0.09/turn               (no ring)
MPRegen 0.10/turn               (no ring)

@: no status effects
A: fangs 1, strong nose, distributed training
a: no special abilities


You were on level 2 of the Dungeon.
You visited 1 branch of the dungeon, and saw 2 of its levels.

You collected 55 gold pieces.

Inventory:

Hand Weapons
 a - a +0 hand crossbow
 f - a +0 dagger (weapon)
Missiles
 c - 19 bolts
Armour
 d - a +0 robe (worn)
Scrolls
 e - a scroll of blinking {unknown}
 g - a scroll of enchant armour {unknown}
 h - a scroll of teleportation {unknown}
Potions
 b - 2 potions of brilliance {unknown}


   Skills:
 + Level 2.6 Fighting
 + Level 0.7 Short Blades
 + Level 0.7 Long Blades
 + Level 0.7 Axes
 + Level 0.7 Maces & Flails
 + Level 0.7 Polearms
 + Level 0.7 Staves
 + Level 0.7 Slings
 + Level 0.7 Bows
 + Level 4.5 Crossbows
 + Level 0.7 Throwing
 + Level 0.7 Armour
 + Level 4.5 Dodging
 + Level 0.7 Stealth
 + Level 0.7 Shields
 + Level 0.7 Unarmed Combat
 + Level 2.8 Spellcasting
 + Level 0.5 Conjurations
 + Level 5.4 Hexes
 + Level 0.5 Summonings
 + Level 0.5 Necromancy
 + Level 0.5 Translocations
 + Level 0.5 Transmutations
 + Level 0.5 Fire Magic
 + Level 0.5 Ice Magic
 + Level 0.5 Air Magic
 + Level 0.5 Earth Magic
 + Level 0.5 Poison Magic
 + Level 0.9 Invocations
 + Level 0.7 Evocations


You had 6 spell levels left.
You knew the following spells:

 Your Spells              Type           Power      Damage    Failure   Level
a - Slow                  Hex            68%        N/A       2%          1

Your spell library contained the following spells:

 Spells                   Type           Power      Damage    Failure   Level
 Inner Flame              Hex/Fire       10%        N/A       19%         3
 Portal Projectile        Hex/Tloc       20%        N/A       19%         3
 Cause Fear               Hex            8%         N/A       24%         4
 Gell's Gravitas          Tloc           3%         N/A       47%         3
 Lesser Beckoning         Tloc           3%         N/A       47%         3
 Teleport Other           Tloc           3%         N/A       47%         3


Dungeon Overview and Level Annotations

Branches:
Dungeon (2/15)

Altars:

Shops:
D:1 [=


Innate Abilities, Weirdness & Mutations

You have very sharp teeth.
Your uncanny sense of smell can sniff out nearby items.
Your experience applies equally to all skills.


Message History

The endoplasm freezes you.
You are frozen.
You hit the endoplasm but do no damage. The endoplasm freezes you.
You are frozen.
You barely miss the endoplasm. The endoplasm freezes you.
You are frozen.
You hit the endoplasm but do no damage. The endoplasm closely misses you.
You hit the endoplasm.
The endoplasm is heavily wounded.
The endoplasm barely misses you.
You hit the endoplasm.
The endoplasm is severely wounded.
The endoplasm barely misses you.
You hit the endoplasm but do no damage.
The endoplasm is severely wounded.
The endoplasm closely misses you.
You hit the endoplasm but do no damage.
The endoplasm is severely wounded.
The endoplasm freezes you.
You are frozen.
You hit the endoplasm but do no damage.
The endoplasm is severely wounded.
The endoplasm closely misses you.
You hit the endoplasm.
You kill the endoplasm!
No target in view!
No target in view!
No target in view!
No target in view!
No target in view!
No target in view!
No target in view!
No target in view!
No target in view!
No target in view!
No target in view!
No target in view!
Are you sure you want to abandon this character and quit the game? (Confirm with "yes".)

####.#. .....#.## .#
#..# ..# .# #..# #.# ..#
..>## #.## ..#
.#..###..#########..####
.##.........#..........#
########.##..........$.#
# #.####...@....... #
#....>........... #
######........... ##
#........... .#
#........... ....(∆
#########... ##### ...
..


There were no monsters in sight!

Vanquished Creatures
  A worm (D:1)
  2 dart slugs (D:1)
  2 endoplasms
  4 hobgoblins
  4 jackals (D:1)
  2 quokkas (D:1)
  3 ball pythons (D:1)
  3 bats
  2 frilled lizards
  A goblin (D:1)
  A kobold (D:1)
  2 rats (D:1)
27 creatures vanquished.

Notes
Turn   | Place    | Note
-------+----------+-------------------------------------------
     0 | D:1      | gruber the Gnoll Arcane Marksman began the quest for the
                  | Orb.
     0 | D:1      | Reached XP level 1. HP: 17/17 MP: 4/4
   149 | D:1      | Found Ziassesh's Antique Armour Emporium.
   175 | D:1      | Reached XP level 2. HP: 23/23 MP: 5/5
   218 | D:1      | Found a faded altar of an unknown god.
  1070 | D:1      | Reached XP level 3. HP: 26/28 MP: 7/7
  1466 | D:1      | Found Agiywn's One-of-a-Kind Rings.
  1904 | D:2      | Quit the game

Illustrated notes

Levels and vault maps discovered:
D:1:      onia_arrival_mini_maze_b, layout_basic,
          hellmonk_ecumenical_altar_leap_of_faith, serial_shops,
          nicolae_lakefront_shop, serial_corexii_hall, corexii_hall_statues_l,
          corexii_hall_statues_i, nicolae_shop_unique_rings
D:2:      layout_rooms, minmay_door_square

Action                   || total
-------------------------++-------
Melee: Dagger            ||   154
       Bite              ||    21
       Punch             ||     1
 Fire: Hand crossbow     ||    22
 Cast: Slow              ||     3
 Stab: Sleeping          ||     2
Armor: Robe              ||    19
Dodge: Dodged            ||   113

Table legend: (Time is in decaauts)
 A = Elapsed time spent in this place.
 B = Non-inter-level travel time spent in this place.
 C = Inter-level travel time spent in this place.
 D = Time resting spent in this place.
 E = Time spent auto-exploring this place.
 F = Levels seen in this place.
 G = Mean time per level.
                   A        B        C        D        E       F      G
               +--------+--------+--------+--------+--------+-----+--------+
         Total |   1905 |   1860 |     45 |      0 |   1560 |   2 |  952.5 |
       Dungeon |   1905 |   1860 |     45 |      0 |   1560 |   2 |  952.5 |
               +--------+--------+--------+--------+--------+-----+--------+

Top non-repeatable levels by time:
     D:1: 1795 daAuts
     D:2: 110 daAuts
